AoeStats
← AiM | CyclopsTron

Arena

507008889Analyzed
4v4 RM · 15d ago on Sep 16, 2026· 54m 4s· 8 players
Game mode
Random Map
Map size
Large (8 player)
Population
200
Speed
Normal
Resources
Standard
Victory
Conquest
Starting age
Dark Age
Ending age
Imperial Age
RankedLock teamsTeams togetherTeam positionsShared explorationLock speedFull tech treeHidden civsTurbo modeCheats
Victory
Defeat
🇲🇽 Teutons · Mexico
1750
+5
🇲🇽 Cumans · Mexico
1729
+5
🇲🇽 Tatars · Mexico
1617
+8
🇲🇽 Japanese · Mexico
1399
+16
🇨🇳 Spanish · China
1527
-11
🇲🇽 Britons · Mexico
1448
-9
🇫🇷 Bohemians · France
1442
-8
🇹🇼 Persians · Taiwan
1346
-6
sgt peppers s
7:16 Loom
9:39 Feudal Age
12:11 Fletching
14:08 Padded Archer Armor
21:07 Castle Age
18:56 Horse Collar
19:48 Gold Mining
21:45 Bodkin Arrow
21:32 Crossbowman
22:56 Double-Bit Axe
24:24 Leather Archer Armor
32:09 Wheelbarrow
34:36 Fortified Wall
38:26 Imperial Age
36:58 Hand Cart
39:06 Gold Shaft Mining
38:58 Bow Saw
38:50 Heavy Plow
39:20 Bracer
38:41 Arbalester
40:09 Conscription
41:19 Ring Archer Armor
42:02 Chemistry
42:00 Ballistics
42:40 Chemistry
45:06 Scale Mail Armor
45:16 Forging
45:01 Elite Skirmisher
45:44 Pikeman
46:09 Gambesons
46:25 Squires
46:10 Arson
46:17 Onager
48:47 Halberdier
50:24 Iron Casting
50:05 Chain Mail Armor
52:32 Two-Man Saw
Letaulier
11:34 Feudal Age
12:50 Loom
16:33 Castle Age
21:06 Fletching
23:48 Double-Bit Axe
25:38 Horse Collar
27:44 Wheelbarrow
33:22 Imperial Age
31:37 Fervor
33:52 Chemistry
32:35 Treadmill Crane
33:08 Masonry
33:44 Bow Saw
34:17 Treadmill Crane
35:59 Heavy Scorpion
39:26 Bodkin Arrow
39:58 Guilds
40:32 Pikeman
41:13 Squires
45:53 Padded Archer Armor
46:42 Scale Mail Armor
46:58 Leather Archer Armor
48:06 Chain Mail Armor
49:08 Hand Cart
50:16 Houfnice
52:52 Siege Engineers
李天尊
10:33 Feudal Age
15:01 Castle Age
13:32 Horse Collar
13:40 Double-Bit Axe
13:51 Horse Collar
16:07 Bow Saw
19:31 Wheelbarrow
19:40 Forging
22:10 Bloodlines
22:38 Hand Cart
22:43 Heavy Plow
23:13 Husbandry
23:57 Iron Casting
24:05 Husbandry
24:10 Loom
25:38 Town Watch
26:11 Scale Barding Armor
26:48 Gold Mining
29:26 Town Patrol
30:30 Chain Barding Armor
33:56 Imperial Age
33:04 Gold Shaft Mining
33:36 Cavalier
34:55 Plate Barding Armor
36:11 Blast Furnace
35:43 Savar
42:08 Scale Mail Armor
42:50 Fletching
43:29 Bodkin Arrow
43:58 Elite Skirmisher
46:22 Ballistics
47:02 Chemistry
46:25 Padded Archer Armor
46:52 Stone Mining
50:59 Conscription
52:45 Chemistry
acyhjujaxuzjkt
12:31 Feudal Age
16:35 Castle Age
14:51 Double-Bit Axe
15:08 Horse Collar
15:55 Gold Mining
17:23 Padded Archer Armor
18:30 Leather Archer Armor
26:45 Husbandry
26:55 Bloodlines
28:11 Wheelbarrow
28:35 Bow Saw
28:32 Heavy Plow
34:04 Imperial Age
33:05 Scale Barding Armor
33:11 Forging
33:52 Hand Cart
35:01 Chain Barding Armor
35:17 Iron Casting
34:37 Loom
34:24 Cavalier
37:54 Conscription
38:50 Plate Barding Armor
39:45 Blast Furnace
40:50 Ring Archer Armor
40:54 Scale Mail Armor
41:24 Pikeman
42:42 Halberdier
44:45 Chain Mail Armor
43:54 Light Cavalry
45:47 Fletching
47:01 Two-Man Saw
46:30 Bodkin Arrow
47:36 Plate Mail Armor
47:31 Bracer
47:06 Elite Skirmisher
48:02 Squires
49:58 Chemistry
49:19 Ballistics
52:00 Hussar
SoyDemo
6:43 Loom
9:12 Feudal Age
9:18 Man-at-Arms
16:54 Double-Bit Axe
22:15 Castle Age
20:47 Horse Collar
20:59 Gold Mining
21:00 Stone Mining
24:27 Bow Saw
24:54 Gold Shaft Mining
30:03 Imperial Age
27:54 Fletching
28:05 Padded Archer Armor
27:48 Treadmill Crane
28:49 Bodkin Arrow
29:15 Heavy Plow
30:13 Ballistics
30:20 Leather Archer Armor
31:15 Parthian Tactics
32:40 Bracer
33:28 Thumb Ring
33:44 Town Watch
36:18 Ring Archer Armor
37:32 Chemistry
38:51 Husbandry
40:12 Wheelbarrow
41:09 Elite Skirmisher
42:02 Masonry
42:13 Hand Cart
42:58 Kataparuto
42:59 Conscription
43:55 Bloodlines
44:27 Siege Engineers
46:20 Hoardings
46:17 Heavy Cavalry Archer
48:50 Two-Man Saw
48:16 Murder Holes
52:23 Caravan
Crosnay
8:41 Feudal Age
9:12 Double-Bit Axe
10:04 Town Watch
17:48 Wheelbarrow
19:06 Scale Barding Armor
19:02 Gold Mining
21:57 Castle Age
20:22 Loom
21:29 Bloodlines
21:30 Forging
23:31 Gold Shaft Mining
25:31 Horse Collar
26:14 Chain Barding Armor
31:16 Iron Casting
31:32 Heavy Plow
36:14 Imperial Age
34:53 Hand Cart
34:29 Light Cavalry
36:05 Bow Saw
36:17 Scale Mail Armor
36:17 Pikeman
36:43 Arson
36:59 Squires
37:16 Chain Mail Armor
38:01 Blast Furnace
36:48 Cavalier
40:14 Plate Mail Armor
40:44 Fletching
41:00 Capped Ram
42:13 Conscription
41:40 Halberdier
42:10 Siege Ram
44:54 Paladin
47:29 Two-Man Saw
Ux'Nova
11:47 Feudal Age
12:30 Double-Bit Axe
15:25 Castle Age
13:23 Horse Collar
18:05 Bow Saw
19:52 Wheelbarrow
20:14 Heavy Plow
21:53 Gold Mining
22:30 Fletching
22:27 Loom
23:12 Bodkin Arrow
24:38 Elite Skirmisher
29:00 Padded Archer Armor
30:10 Bloodlines
30:01 Husbandry
30:27 Leather Archer Armor
31:51 Ballistics
32:55 Hand Cart
38:09 Imperial Age
36:30 Scale Barding Armor
38:22 Chain Barding Armor
38:12 Forging
39:52 Chemistry
38:54 Bracer
38:18 Heavy Camel Rider
42:09 Plate Barding Armor
42:05 Ring Archer Armor
44:13 Conscription
44:04 Timurid Siegecraft
43:57 Silk Armor
44:59 Iron Casting
44:13 Heavy Cavalry Archer
47:11 Masonry
48:13 Crop Rotation
49:19 Capped Ram
50:09 Siege Engineers
51:09 Treadmill Crane
51:25 Murder Holes
52:26 Caravan
AiM | CyclopsTron
6:03 Loom
8:25 Feudal Age
9:10 Double-Bit Axe
16:18 Fletching
19:30 Wheelbarrow
19:30 Town Watch
23:08 Castle Age
22:35 Horse Collar
29:07 Fortified Wall
32:24 Imperial Age
30:14 Bodkin Arrow
34:27 Guard Tower
35:31 Masonry
40:46 Hand Cart
42:56 Chemistry
42:22 Scale Mail Armor
42:30 Squires
41:51 Pikeman
44:09 Chain Mail Armor
45:06 Crenellations
45:05 Halberdier
46:00 Heavy Plow
46:49 Plate Mail Armor
46:38 Bow Saw
46:59 Forging
49:16 Crenellations
50:23 Ballistics
51:04 Iron Casting
50:32 Heavy Scorpion
52:04 Siege Engineers
53:07 Ironclad
53:49 Blast Furnace
53:41 Conscription
53:15 Arson
53:25 Capped Ram
54:28 Conscription
54:16 Stone Mining
54:19 Gold Mining
Connection lost

Rejoining the realm…

Still unreachable

The connection could not be restored.

Session expired

The server has moved on; the page needs a fresh start.